 Dungeon Crawl Stone Soup version 0.15.0-23-gc2b521c (webtiles) character file.

316 Johnny the Charmwright (level 6, -7/47 HPs)
             Began as a Formicid Skald on Sept 8, 2014.
             Was a Believer of Cheibriados.
             Mangled by an ogre
             ... wielding a +0 giant club
              (15 damage)
             ... on Level 4 of the Dungeon.
             The game lasted 00:11:03 (3803 turns).

Johnny the Charmwright (Formicid Skald)             Turns: 3803, Time: 00:11:03

HP  -7/47        AC 13     Str 25      XL: 6   Next: 73%
MP   8/15        EV  6     Int 16      God: Cheibriados [**....]
Gold 188         SH  0     Dex 16      Spells:  3 memorised,  5 levels left

rFire  . . .     SeeInvis +     a - +0 spear
rCold  . . .     Clarity  .     x - +0 plate armour
rNeg   . . .     rCorr    .     (no shield)
rPois  .         rRot     .     (helmet unavailable)
rElec  .         Spirit   .     j - +0 cloak
SustAb .         Warding  .     h - +0 pair of gloves
rMut   .         Stasis   +     (no boots)
Gourm  .                        (no amulet)
MR     .....                    (no ring)
                                l - ring of flight

@: mighty, very slow, not resistant to hostile enchantments, extremely
unstealthy
A: permanent stasis, dig shafts and tunnels, four strong arms, antennae 3
a: Dig, Shaft Self, Bend Time, Renounce Religion, Evoke Flight


You were on level 4 of the Dungeon.
You worshipped Cheibriados.
Cheibriados was pleased with you.
You were not hungry.

You visited 1 branch of the dungeon, and saw 4 of its levels.

You collected 188 gold pieces.

Inventory:

Hand weapons
 a - a +0 spear (weapon)
 v - a +0 war axe
 w - a +1 flail of crushing
Armour
 h - a +0 pair of gloves (worn)
 j - a +0 cloak (worn)
 x - a +0 plate armour (worn)
Comestibles
 d - 2 bread rations
 r - a meat ration
 z - a beef jerky
Scrolls
 b - a scroll of magic mapping {unknown}
 i - a scroll of blinking {unknown}
 k - a scroll of fear
 m - a scroll of remove curse
 p - a scroll of enchant weapon {unknown}
 q - 2 scrolls of fog
 u - 3 scrolls of recharging
 A - a scroll of immolation {unknown}
 B - a scroll of random uselessness {unknown}
Jewellery
 l - a ring of flight (left hand)
 y - a cursed amulet of inaccuracy {unknown}
Potions
 e - a potion of haste {unknown}
 f - a potion of might
 g - a potion of resistance {unknown}
 n - a potion of restore abilities {unknown}
 o - 2 potions of curing {unknown}
 s - a potion of brilliance {unknown}
 t - 2 potions of agility {unknown}
Books
 c - a book of Battle

   Spells                             Type                      Level
   *Infusion                          Charms                       1
   *Shroud of Golubria                Charms/Translocation         2
   Song of Slaying                    Charms                       2
   Spectral Weapon                    Hexes/Charms                 3
   *Regeneration                      Charms/Necromancy            3


   Skills:
 * Level 3.1 Fighting
 * Level 2.9 Polearms
 * Level 2.5 Armour
 * Level 2.2 Dodging
 * Level 3.1 Spellcasting
 * Level 3.7 Charms
 * Level 1.3 Necromancy
 * Level 1.2 Translocations
 * Level 0.0 Invocations
 * Level 1.4 Evocations


You had 5 spell levels left.
You knew the following spells:

 Your Spells              Type           Power        Failure   Level  Hunger
a - Infusion              Chrm           ##....       82%         1    None
b - Shroud of Golubria    Chrm/Tloc      ##........   99%         2    ##.....
c - Regeneration          Chrm/Necr      ##........   100%        3    ###....


Dungeon Overview and Level Annotations

Branches:
Dungeon (4/15)
 Temple: D:4-7

Altars:
Cheibriados
Sif Muna


Innate Abilities, Weirdness & Mutations

Your are under a permanent stasis effect.
You can dig through walls and to a lower floor.
Your four strong arms can wield two-handed weapons with a shield.
You have a pair of large antennae on your head (SInv).


Message History

You hit the ogre.
The ogre is heavily wounded.
You hear the slow rusting of a drain nearby.
The orc wizard barely misses you.
The ogre is no longer moving slowly.
The orc wizard points at you and mumbles some strange words.
You resist.
The orc wizard gestures at you while chanting.
The magic dart hits you!
You puncture the ogre!
The ogre is almost dead.
The ogre hits you with a giant club!
* * * LOW HITPOINT WARNING * * *
The orc wizard hits you but does no damage.
Drink which item? (? for menu, Esc to quit)
You feel very mighty all of a sudden.
It was a potion of might.
The orc wizard hits you but does no damage.
The ogre hits you with a giant club!
You die...

.... #. ...?.# +.
.....# .. ....' #.
#..# ## #'####..## ..#
###+###........# ...##
#....##...o....#.....#
#....#...@O....'...<.+
#....+.........#.....#
#....#.........# ....#
#....##.....#### ..##
#....##.....# ##
##'####...###
#..))'....#
#....#....#
#...)#....#


You could see an ogre and an orc wizard (invisible).

Vanquished Creatures
  A giant frog (D:3)
  3 orc wizards
  7 adders
  3 worms (D:2)
  2 giant geckos (D:3)
  An ooze (D:1)
  9 orcs
  A ball python (D:3)
  5 giant cockroaches
  8 goblins
  8 hobgoblins
  6 jackals
  7 kobolds
  7 bats
  5 giant newts
  5 rats
78 creatures vanquished.

Notes
Turn   | Place    | Note
--------------------------------------------------------------
     0 | D:1      | Johnny, the Formicid Skald, began the quest for the Orb.
     0 | D:1      | Reached XP level 1. HP: 16/16 MP: 3/3
    95 | D:1      | Reached skill level 1 in Dodging
   174 | D:1      | Reached XP level 2. HP: 15/22 MP: 1/5
   708 | D:2      | Reached XP level 3. HP: 23/27 MP: 2/7
  1145 | D:2      | Reached XP level 4. HP: 25/34 MP: 5/9
  1270 | D:2      | Found a snail-covered altar of Cheibriados.
  1293 | D:2      | Learned a level 2 spell: Shroud of Golubria
  1297 | D:2      | Learned a level 3 spell: Regeneration
  1489 | D:2      | Became a worshipper of Cheibriados the Contemplative
  2029 | D:3      | Reached XP level 5. HP: 18/40 MP: 2/11
  2263 | D:3      | Noticed a giant frog
  2278 | D:3      | Killed a giant frog
  2278 | D:3      | Reached skill level 1 in Translocations
  2528 | D:3      | Reached XP level 6. HP: 41/46 MP: 8/15
  2594 | D:3      | Reached skill level 1 in Evocations
  2630 | D:3      | Reached skill level 1 in Necromancy
  2888 | D:3      | Found a deep blue altar of Sif Muna.
  3803 | D:4      | Mangled by an ogre

Action                   |  1- 3 |  4- 6 || total
-------------------------+-------+-------++-------
Melee: Spear             |   116 |   295 ||   411
 Cast: Infusion          |     6 |    12 ||    18
Invok: Bend Time         |       |     4 ||     4
  Use: Scroll            |       |     4 ||     4
       Potion            |       |     1 ||     1
  Eat: Chunk             |     1 |     6 ||     7
       Pizza             |       |     1 ||     1
